[Event "IV Estrellas 2022"]
[Site "La Palma"]
[Date "2022.08.10"]
[Round "7.6"]
[White "Pierrot, Facundo"]
[Black "Garcia Blanco, Omar"]
[Result "1/2-1/2"]
[ECO "A86"]
[WhiteElo "2371"]
[BlackElo "2352"]
[Annotator "TA"]
[PlyCount "110"]
[EventDate "2022.08.06"]
[EventType "swiss"]
[EventCountry "ESP"]
[SourceTitle "playchess.com"]
[Source "ChessBase"]
[SourceQuality "1"]
[TimeControl "5400+30"]

1. d4 f5 2. g3 Nf6 3. Bg2 g6 4. Nh3 Bg7 5. c4 d6 6. d5 c6 7. Nf4 e5 8. dxe6 {[%emt 0:00:32] A86: Dutch Defence: Leningrad System: Unusual lines and 5 Nh3.} Na6 9. Nc3 Nc5 10. O-O Qe7 {[%emt 0:03:47] [#]} 11. Rb1 $146 ({Predecessor:} 11. Qc2 O-O 12. b3 Bxe6 13. Nxe6 Qxe6 14. e3 Ng4 15. Bb2 g5 16. Ne2 Bxb2 17. Qxb2 {½-½ (78) Mirzoev,A (2554)-Pap,M (2514) Rethymno 2014}) 11... Bxe6 12. Nxe6 Qxe6 13. Bf4 Rd8 14. b3 Nce4 15. Nxe4 fxe4 (15... Nxe4 $11 {remains equal.} 16. Qd3 O-O) 16. Be3 (16. Qd4 $16) 16... O-O 17. Qc2 a6 18. Rfd1 Rde8 19. Rd2 d5 20. Rbd1 Qf5 21. h3 {[%emt 0:09:19] Inhibits Ng4.} h5 22. cxd5 Nxd5 23. Bc5 {[%emt 0:00:28] A strong pair of Bishops.} Rf7 24. e3 Kh7 25. Bd4 {[%emt 0:02:00] Against Nc3} Bh6 26. a3 Bf8 27. b4 Bh6 28. Qb3 Bf8 29. Bc5 Bg7 30. Qc2 Nc3 31. Rc1 Nd5 32. Rb1 Bc3 $2 {[%emt 0:01:37] [#]} ({Black should try} 32... Kh6 $14) 33. Rxd5 $1 $18 cxd5 34. Qxc3 Qxf2+ 35. Kh2 $1 ({Not} 35. Kh1 Qxg3 36. Rf1 Rxf1+ 37. Bxf1 Re6 $11) 35... h4 36. Bd6 d4 (36... Qa2 $142 37. Rg1 Re6) 37. exd4 e3 38. Rf1 $1 Qa2 39. Rxf7+ Qxf7 40. gxh4 {[%emt 0:00:03] Strongly threatening Be5.} e2 {[%emt 0:01:03] [#]} 41. Bg3 Qe7 {[%emt 0:08:41] [#]} 42. Qe1 $2 ({White must play} 42. Be1 $1 $18) 42... Qe3 $1 $11 {[%emt 0:01:06][%csl LRa3,LRd4] The position is equal.} 43. d5 Rc8 {[%emt 0:00:35] ...Rc3 is the strong threat.} 44. Qf2 Qxf2 45. Bxf2 Rc1 46. d6 {[%emt 0:00:43] Hoping for d7.} e1=Q 47. Bxe1 Rxe1 48. Bxb7 {[%emt 0:00:04][%mdl 4096] Endgame aiming for d7. KR-KB} Rd1 49. Bxa6 Rxd6 50. b5 Rd2+ 51. Kg3 {[%emt 0:00:57] Threatens to win with b6.} Rd3+ 52. Kf4 {[%emt 0:00:18] Black must now prevent b6.} Rxa3 53. h5 gxh5 54. Kg5 Rb3 55. h4 Rxb5+ {[%emt 0:00:08] Black defended with fortune.  Weighted Error Value: White=0.12 (very precise) /Black=0.13 (very precise)} 1/2-1/2

[Event "IV Estrellas 2022"]
[Site "La Palma"]
[Date "2022.08.10"]
[Round "7.7"]
[White "Capote Robayna, Nathaniel"]
[Black "Pulvett Marin, Daniel Eduardo"]
[Result "1/2-1/2"]
[ECO "B47"]
[WhiteElo "2150"]
[BlackElo "2523"]
[Annotator "TA"]
[PlyCount "76"]
[EventDate "2022.08.06"]
[EventType "swiss"]
[EventCountry "ESP"]
[SourceTitle "playchess.com"]
[Source "ChessBase"]
[SourceQuality "1"]
[TimeControl "5400+30"]

1. e4 c5 2. Nf3 e6 3. d4 cxd4 4. Nxd4 Nc6 5. Nc3 Qc7 6. f4 a6 7. Nxc6 Qxc6 8. Bd3 b5 9. Qe2 Bb7 10. Bd2 Bc5 11. O-O-O {[%emt 0:00:30] B47: Sicilian: Taimanov: 5 Nc3 Qc7 6 f4, 6 g3 and 6 Be2.} Ne7 12. Qh5 b4 {[%emt 0:00:30] [#]} (12... g6 $11 13. Qh6 b4) 13. Na4 $1 $16 {[%emt 0:00:30] White is better.} d5 (13... Bd6 14. Qa5) 14. Nxc5 Qxc5 15. Kb1 {[%emt 0:00:30][%cal Oc2c4] [#]} Rc8 $146 (15... a5 $14) ({Predecessor:} 15... O-O 16. e5 g6 17. Qg5 a5 18. h4 Ba6 19. h5 Bxd3 20. cxd3 d4 21. Rc1 Qa7 {1-0 (33) Van der Weide,K (2434)-Van der Elburg,F Dieren 1999}) 16. Rhe1 a5 (16... g6 $16 17. Qe5 O-O) 17. Be3 $18 Qc7 18. exd5 Bxd5 (18... Nxd5 $142 19. f5 O-O) 19. Bd4 {[%emt 0:00:30] Active counter play! A strong pair of Bishops.} Bc4 20. Bxg7 $2 (20. Bxh7 Bd5 21. Bxg7 Qxc2+ 22. Bxc2 Rxh5 $14) (20. Be4 $18) 20... Bxd3 $11 21. cxd3 (21. Bxh8 Bxc2+ 22. Ka1 Bxd1 23. Qxd1 Qxf4 $17) 21... Qc2+ (21... Rg8 $2 22. Rc1 Qd8 23. Qxh7 $18) 22. Ka1 Rg8 23. Qxh7 Qxg2 24. Rg1 Qc6 (24... Qd5 $1 $11) 25. f5 $36 {[%emt 0:00:30][%mdl 2048] White is in control.} exf5 26. Rge1 (26. d4 $16 Qd5 27. Rge1) 26... Kd7 $11 27. Qh4 Ng6 {[%emt 0:00:30] [#]} (27... Nd5 $11 {and Black has nothing to worry.} 28. Be5 (28. Qd4 Qc5 $11) 28... Rge8) 28. Qf2 $1 Qd5 29. Bf6 Rc6 30. Bg5 {[%emt 0:00:30] Strongly threatening h4.} Rgc8 31. h4 {[%emt 0:00:30][%cal Bh2h4,Bh4h5][%mdl 32] Hoping for Qg1.} Rc2 32. Qa7+ R2c7 {[%emt 0:00:30] [#]} (32... R8c7 $16 33. Qe3 Kc6) 33. Qf2 $2 (33. Qg1 $1 $18 {and White stays clearly on top.}) 33... Rc2 $1 $16 {[%emt 0:00:30] [#]} 34. Qa7+ {[%emt 0:00:30] Really sharp!} (34. Qg1 $1 $16) 34... R2c7 $18 35. Qe3 {[%emt 0:00:30] aiming for h5.} Kc6 $2 (35... Rc2 $16 {is more resistant.}) 36. h5 f4 37. Qg1 ({Not} 37. Bxf4 Nxf4 38. Qxf4 Qxh5 $16) 37... Ne5 {[%emt 0:00:30] And now ...Nf3 would win.} 38. Bxf4 Nf3 {[%emt 0:00:30][%mdl 32768] Weighted Error Value: White=0.44/Black=0.44. An unexpected result.} 1/2-1/2

[Event "IV Estrellas 2022"]
[Site "La Palma"]
[Date "2022.08.10"]
[Round "7.8"]
[White "Kurajica, Bojan"]
[Black "Diaz Perez, Michel Alejandro"]
[Result "1-0"]
[ECO "E06"]
[WhiteElo "2525"]
[BlackElo "2433"]
[Annotator "TA"]
[PlyCount "53"]
[EventDate "2022.08.06"]
[EventType "swiss"]
[EventCountry "ESP"]
[SourceTitle "playchess.com"]
[Source "ChessBase"]
[SourceQuality "1"]
[TimeControl "5400+30"]

1. Nf3 d5 2. d4 e6 3. c4 Nf6 4. g3 Be7 5. Bg2 O-O 6. Nbd2 c5 7. dxc5 Bxc5 8. O-O Nc6 9. e3 {[%emt 0:00:40] E06: Closed Catalan: Early deviations.} dxc4 10. Nxc4 {[%emt 0:00:29] [#]} Qc7 $146 (10... Qe7 $5 ) ({Predecessor:} 10... Qxd1 11. Rxd1 Rd8 12. Rxd8+ Nxd8 13. Nfe5 Kf8 14. b3 Nd7 15. Bb2 f6 16. Nd3 Be7 17. Rd1 Rb8 {1-0 (60) Mitchell,R (1690)-Rumsey,V (1908) Hastings 2013}) 11. b3 {[%emt 0:05:38] White is slightly better.} b5 12. Ncd2 Bb7 13. Bb2 Be7 14. Qc2 Rac8 15. Rac1 Qb6 16. Qb1 Rfd8 17. a3 Qa5 18. b4 Qb6 19. Nb3 Ba8 (19... h6 $11) 20. Ng5 $14 {[%emt 0:05:43] And now Bxf6 would win.} h6 21. Bxf6 Bxf6 22. Qh7+ Kf8 23. Ne4 {[%emt 0:00:09] White is more active. Pair of Knights!} Be5 24. Nec5 {[%emt 0:01:28] Hoping for f4.} Ne7 $2 {[%emt 0:08:20][%mdl 8192] [#]} (24... Ke7 $14) 25. Nd7+ $1 $18 {[%emt 0:03:02][%mdl 512] White is clearly winning.} Rxd7 26. Qh8+ {[%emt 0:00:20][%mdl 64] Skewer} Ng8 27. Rxc8+ {[%emt 0:00:08] Weighted Error Value: White=0.07 (flawless) /Black=0.15 (very precise)} 1-0

[Event "IV Estrellas 2022"]
[Site "La Palma"]
[Date "2022.08.10"]
[Round "7.9"]
[White "Acosta Sosa, Juan Manuel"]
[Black "Perez Bolanos, David"]
[Result "0-1"]
[ECO "A11"]
[WhiteElo "2310"]
[BlackElo "2041"]
[Annotator "TA"]
[PlyCount "78"]
[EventDate "2022.08.06"]
[EventType "swiss"]
[EventCountry "ESP"]
[SourceTitle "playchess.com"]
[Source "ChessBase"]
[SourceQuality "1"]
[TimeControl "5400+30"]

1. c4 c6 2. g3 d5 3. Bg2 Nf6 4. Nf3 dxc4 5. Qc2 Qd5 6. Na3 {[%emt 0:04:13] A11: English Opening: 1...c6.} Be6 7. O-O Nbd7 8. Rd1 {[%emt 0:05:58][%cal Ob2b3] [#] The position is equal.} g6 $146 ({Predecessor:} 8... Nb6 9. d3 cxd3 10. exd3 Bg4 11. Qe2 Qh5 12. d4 e6 13. Nc2 Nbd5 14. Rd3 Bd6 {½-½ (107) Verhelst,J (2104)-Sterck,A (2250) Geraardsbergen 2021}) 9. d3 cxd3 $1 10. Rxd3 Qh5 {[%emt 0:09:23] [#]} (10... Qc5 $1 $11 {remains equal.}) 11. Rd4 $2 (11. Ng5 $1 $16) 11... Bg7 $36 {[%emt 0:11:16][%mdl 2048] Black has some pressure.} 12. h3 (12. Rb4 $1 $11) 12... Qc5 $17 ({Don't play} 12... Bxh3 13. Rh4 Bxg2 14. Rxh5 Bxf3 15. Rh4 $16) 13. Qd1 O-O 14. Ng5 Nd5 15. Re4 N7b6 16. Nxe6 fxe6 17. Qe1 Rf7 {[%emt 0:04:07] Black is much more active.} 18. Rb1 Raf8 19. Bf3 e5 20. Bd2 {[%emt 0:05:04] [#]} (20. b4 $15 Qd6 21. Bb2) 20... Nf6 $1 21. Be3 Qd6 ({Don't take} 21... Nxe4 22. Bxc5 Nxc5 23. Bg4 $16) (21... Qd5 $142 22. Rb4 Qe6) 22. Rh4 (22. Nc4 $17 Nxc4 23. Rxc4) 22... Qe6 23. b3 (23. Bg2 $17 {keeps fighting.}) 23... e4 $19 24. Bg2 Nbd5 25. Nc2 (25. Qd2) 25... Nxe3 26. Nxe3 g5 27. Rg4 Nxg4 28. Nxg4 h5 29. Nh2 Qf5 30. f3 exf3 31. exf3 Qe5 32. Nf1 Qxe1 33. Rxe1 Bd4+ 34. Kh2 e5 35. Rd1 Rd7 {[%emt 0:01:03][%cal Od4g1] Hoping for ...Bg1+!} 36. Ne3 Rfd8 {[%emt 0:00:11] Black is clearly winning.} 37. Nf5 h4 38. gxh4 gxh4 39. Bf1 {[%emt 0:00:01] [#]} (39. Rf1 $142) 39... Bg1+ $1 {[%emt 0:10:42][%mdl 512] Weighted Error Value: White=0.62/Black=0.29 (precise)} 0-1

[Event "IV Estrellas 2022"]
[Site "La Palma"]
[Date "2022.08.10"]
[Round "7.10"]
[White "Carraminana Lopez, Luis Antonio"]
[Black "Brito Garcia, Alfredo"]
[Result "1/2-1/2"]
[ECO "C54"]
[WhiteElo "1910"]
[BlackElo "2291"]
[Annotator "TA"]
[PlyCount "61"]
[EventDate "2022.08.06"]
[EventType "swiss"]
[EventCountry "ESP"]
[SourceTitle "playchess.com"]
[Source "ChessBase"]
[SourceQuality "1"]
[TimeControl "5400+30"]

1. e4 e5 2. Nf3 Nc6 3. Bc4 Nf6 4. d3 Bc5 5. c3 a5 6. a4 {[%emt 0:01:18] C54: Giuoco Piano: 4 c3 Nf6, main lines with 5 d4 and 5 d3.} d6 ({Resist} 6... d5 7. exd5 Nxd5 8. Qb3 $16) 7. Nbd2 O-O 8. O-O h6 9. h3 Ba7 10. Re1 Ne7 11. Nf1 c6 12. Ng3 Ng6 13. Bb3 d5 14. exd5 Nxd5 15. d4 exd4 16. Nxd4 Ndf4 {[%emt 0:04:35] [#]} 17. Bxf4 $146 ({Predecessor:} 17. Qf3 Qf6 18. Ne4 Qh4 19. Nd6 Bxd4 20. cxd4 Be6 21. Bxf4 Nxf4 22. Bxe6 fxe6 23. Qg4 {0-1 (43) Della Morte,P (2287)-Nestorovic,N (2481) Las Vegas 2019}) 17... Nxf4 18. Qf3 Bxd4 (18... Qf6 $14) 19. Qxf4 $16 Bb6 20. Nf5 {[%emt 0:10:54] [#] White is much more active. The black rooks are badly placed.} ({Better is} 20. Rad1 $16 Qc7 21. Qxc7 Bxc7 22. Re7) 20... Bc7 (20... Bxf2+ $1 $11 21. Qxf2 Bxf5) 21. Qg4 (21. Qf3 $14 Bxf5 22. Qxf5) 21... Qf6 $11 22. Ne7+ Kh8 $132 {[%emt 0:02:16][%mdl 2048] Black is not keeping still} 23. Nxc8 Raxc8 24. Rad1 Rcd8 (24... Rce8 $11) 25. Rxd8 ({White should try} 25. Rd7 $14 Rxd7 26. Qxd7) 25... Rxd8 {[%emt 0:02:00] The position is equal.} 26. Re2 Bb6 27. g3 g6 28. Kg2 Kg7 29. Qf3 Qxf3+ 30. Kxf3 Rd7 {[%emt 0:00:08] Prevents Re7.} 31. h4 {[%emt 0:03:23] Weighted Error Value: White=0.14 (very precise) /Black=0.11 (very precise)} 1/2-1/2

[Event "IV Estrellas 2022"]
[Site "La Palma"]
[Date "2022.08.10"]
[Round "7.11"]
[White "Cubas Cabrera, Angel Luis"]
[Black "Hernandez Leon, Sergio"]
[Result "1/2-1/2"]
[ECO "E04"]
[WhiteElo "2207"]
[BlackElo "2094"]
[Annotator "TA"]
[PlyCount "33"]
[EventDate "2022.08.06"]
[EventType "swiss"]
[EventCountry "ESP"]
[SourceTitle "playchess.com"]
[Source "ChessBase"]
[SourceQuality "1"]
[TimeControl "5400+30"]

1. d4 Nf6 2. c4 e6 3. g3 d5 4. Nf3 dxc4 5. Bg2 Bb4+ 6. Bd2 a5 7. O-O {[%emt 0:09:50][%mdl 1024] White has compensation.} O-O {[%emt 0:00:20] E04: Open Catalan: 5 Nf3.} 8. a4 Nc6 {[%emt 0:05:37] [#]} 9. e3 $146 ({Predecessor:} 9. Na3 Bxd2 10. Qxd2 e5 11. dxe5 Nxe5 12. Qxd8 Nxf3+ 13. Bxf3 Rxd8 14. Nxc4 Be6 15. Rfc1 {½-½ (51) Gallego Eraso,P (2365)-De la Villa Garcia,J (2476) Villava 2009}) 9... Qe7 {[%emt 0:03:41] Black has an edge.} (9... e5 $5) 10. Na3 Rd8 11. Nxc4 Bxd2 12. Nfxd2 Nd5 13. Nf3 b6 {[%emt 0:04:22] The position is equal.} 14. Qb3 Ba6 15. Rfc1 Rac8 16. Nce5 Ncb4 17. Qd1 {[%emt 0:00:30] Not much happened in this game.  Weighted Error Value: White=0.12 (very precise) /Black=0.04 (flawless)} 1/2-1/2

[Event "IV Estrellas 2022"]
[Site "La Palma"]
[Date "2022.08.10"]
[Round "7.12"]
[White "Ramirez Maillo, Cristian"]
[Black "Antic, Dejan"]
[Result "0-1"]
[ECO "C02"]
[WhiteElo "1896"]
[BlackElo "2452"]
[Annotator "TA"]
[PlyCount "68"]
[EventDate "2022.08.06"]
[EventType "swiss"]
[EventCountry "ESP"]
[SourceTitle "playchess.com"]
[Source "ChessBase"]
[SourceQuality "1"]
[TimeControl "5400+30"]

1. e4 e6 2. d4 d5 3. e5 c5 4. c3 Nc6 5. Nf3 Qb6 6. a3 Nh6 7. b4 cxd4 8. cxd4 Nf5 9. Bb2 Bd7 10. g4 Nfe7 11. Nc3 Ng6 {[%emt 0:00:27] C02: French: Advance Variation.} 12. h4 h5 $1 13. g5 Qd8 {[%emt 0:04:13] Black has an edge.} (13... Na5 $5) 14. Rc1 a6 15. Bd3 Nce7 16. Qd2 Nf5 {[%emt 0:06:29] [#]} 17. Rh3 $146 ({Predecessor:} 17. Rc2 Rc8 18. Ne2 Bb5 19. Bxb5+ axb5 20. Rxc8 Qxc8 21. Ng3 Be7 22. Kf1 Qc4+ 23. Kg2 {0-1 (42) Sadler,M (2660)-Tikkanen,H (2549) Wijk aan Zee 2012}) 17... Rc8 18. b5 (18. Rh2 $11 {keeps the balance.}) 18... axb5 {[%emt 0:13:49] Black continues to play with concentration.} 19. Nxb5 Be7 20. Rxc8 Bxc8 21. Bc3 {[%emt 0:04:18] [#]} (21. Nd6+ $15 Nxd6 22. exd6 Bxd6 23. Bxg6 fxg6 24. Ne5 Bxe5 25. dxe5) 21... O-O $1 $17 22. Bb4 Bxb4 23. axb4 (23. Qxb4 $17 {is a better defense.} Nf4 24. Bxf5) 23... Qb6 $19 24. Bxf5 (24. Na3 $142) 24... exf5 ({Worse is} 24... Qxb5 25. Bxg6 fxg6 26. Ng1 $17) 25. Nd6 f4 26. Rh1 (26. Nxc8 Rxc8 27. Kf1) 26... Bg4 27. Ng1 Ra8 {[%emt 0:01:38] ( -> ...Ra1+)} 28. f3 {[%emt 0:01:08] [#]} Bxf3 $1 29. Nxf3 Ra1+ {[%emt 0:00:07][%mdl 64] Skewer} 30. Kf2 Rxh1 31. Kg2 Ra1 {[%emt 0:00:32] White must now prevent ...Qa6.} 32. Qc3 Ra2+ (32... Qa6 $142 33. Nc4 dxc4) 33. Kh3 Qd8 (33... Qa6 $142 34. b5 Qa4) 34. Qb3 Qd7+ {[%emt 0:00:20] Weighted Error Value: White=1.43/Black=0.42} 0-1

[Event "IV Estrellas 2022"]
[Site "La Palma"]
[Date "2022.08.10"]
[Round "7.13"]
[White "Amador Garcia, Ismael"]
[Black "Gil Jimenez, Ruben"]
[Result "1-0"]
[ECO "B01"]
[WhiteElo "2128"]
[BlackElo "1675"]
[Annotator "TA"]
[PlyCount "71"]
[EventDate "2022.08.06"]
[EventType "swiss"]
[EventCountry "ESP"]
[SourceTitle "playchess.com"]
[Source "ChessBase"]
[SourceQuality "1"]
[TimeControl "5400+30"]

1. e4 d5 2. exd5 Qxd5 3. Nc3 Qd6 4. Nf3 Nf6 5. d4 c6 6. Ne5 Nbd7 {[%emt 0:00:12] B01: Scandinavian Defence.} 7. f4 Nb6 8. g4 h5 {[%emt 0:05:50][%cal Rh5g4] White is slightly better.} 9. g5 {[%emt 0:02:25] White is more active.} Nfd5 (9... Nfd7 $1 $14) 10. Ne4 $18 {[%emt 0:03:52] [#]} Qd8 $146 ({Predecessor:} 10... Qc7 11. c4 Nb4 12. a3 Bf5 13. Bg2 Na6 14. Ng3 g6 15. Nxf5 gxf5 16. Bf3 Bg7 {½-½ (37) Muetsch,A (2226)-Voicu Jagodzinsky,C (2247) Plochingen 2020}) 11. c4 $36 {[%emt 0:07:07][%mdl 2048] White is really pushing.} Nc7 (11... Nb4) 12. g6 fxg6 13. Ng5 Bg4 {[%emt 0:00:00] [#]} 14. Bd3 $1 Rh6 15. Qc2 (15. Nxg4 hxg4 16. Be3 e6 17. Qxg4 Qf6 $16) 15... Qxd4 16. Bxg6+ Rxg6 17. Qxg6+ Kd8 18. Nxg4 (18. Ngf7+ Kc8 19. Nxg4 hxg4 $14) 18... hxg4 19. Qf5 Qf6 20. Qe4 ({Don't play} 20. Qxg4 Nxc4 21. O-O Qd4+ 22. Kg2 Qd5+ 23. Kh3 Qd3+ 24. Rf3 Qd5) 20... e6 {[%emt 0:00:00] Against f5} 21. O-O {[%emt 0:01:41] And now f5 would win.} Bc5+ 22. Kg2 {[%emt 0:00:04] aiming for f5.} Ke7 $2 (22... g6 23. Qd3+ Ke7) 23. Qe5 $2 (23. f5) 23... Qxe5 (23... Bd6 {is a better defense.} 24. Qe4 Rh8) 24. fxe5 {[%emt 0:00:07] Strongly threatening Rf7+. Really sharp!} Rf8 {[%emt 0:00:00] Against Rf7+} 25. Rxf8 ({Resist} 25. Ne4 Na6 26. Rxf8 Kxf8 $18) 25... Kxf8 26. b3 Bd4 27. Ba3+ c5 28. Rf1+ {[%emt 0:00:38] White is clearly winning.} Ke8 29. Ne4 Bxe5 30. Nxc5 ({Less strong is} 30. Bxc5 Nc8 31. Nf2 b6 $18) 30... Bd6 {[%emt 0:00:00] [#]} 31. Nxe6 $1 Nxe6 (31... Bxa3 32. Nxc7+) 32. Bxd6 Nd7 33. Kg3 Nf6 34. Be5 Nc5 (34... Ng8 $142 35. Kxg4 g6) 35. Bxf6 gxf6 36. Kxg4 {[%emt 0:00:03] White took control after the opening.  Weighted Error Value: White=0.20 (precise) /Black=0.49} 1-0

[Event "IV Estrellas 2022"]
[Site "La Palma"]
[Date "2022.08.10"]
[Round "7.14"]
[White "Martin Rodriguez, Jose Carlos"]
[Black "Cruz Gomez, Isidro"]
[Result "0-1"]
[ECO "E13"]
[WhiteElo "1804"]
[BlackElo "2089"]
[Annotator "NA RC"]
[PlyCount "52"]
[EventDate "2022.08.06"]
[EventType "swiss"]
[EventCountry "ESP"]
[SourceTitle "playchess.com"]
[Source "ChessBase"]
[SourceQuality "1"]
[TimeControl "5400+30"]

1. c4 Nf6 2. Nc3 e6 3. d4 Bb4 4. Qc2 b6 5. a3 Bxc3+ 6. Qxc3 Bb7 7. Nf3 c5 8. Bg5 h6 9. Bh4 d6 10. e3 Nbd7 11. Be2 Qc7 12. O-O Ne4 13. Qc2 g5 14. Bg3 h5 15. h4 Nxg3 16. fxg3 gxh4 17. gxh4 Rg8 18. Ng5 f6 19. Nxe6 Rxg2+ 20. Kh1 Rxe2+ 21. d5 Rxc2 22. Nxc7+ Ke7 23. Nxa8 Bxa8 24. Rac1 Rxb2 25. Rf5 Ne5 26. Rxh5 Nd7 0-1

[Event "IV Estrellas 2022"]
[Site "La Palma"]
[Date "2022.08.10"]
[Round "7.15"]
[White "Perez Bolanos, Joel"]
[Black "Baeza Escudero, Javier"]
[Result "0-1"]
[ECO "A49"]
[WhiteElo "2036"]
[BlackElo "1861"]
[Annotator "NA RC"]
[PlyCount "80"]
[EventDate "2022.08.06"]
[EventType "swiss"]
[EventCountry "ESP"]
[SourceTitle "playchess.com"]
[Source "ChessBase"]
[SourceQuality "1"]
[TimeControl "5400+30"]

1. Nf3 Nf6 2. g3 g6 3. b3 Bg7 4. Bb2 O-O 5. Bg2 d6 6. d4 Na6 7. O-O c5 8. e3 cxd4 9. exd4 d5 10. Nbd2 Bf5 11. a3 Rc8 12. Rc1 Ne4 13. Nxe4 Bxe4 14. Ne5 Bxg2 15. Kxg2 Nb8 16. Qe2 a6 17. c4 Nc6 18. Nxc6 Rxc6 19. c5 Qc7 20. b4 Re8 21. Rfe1 Re6 22. Qf3 Rxe1 23. Rxe1 Qd7 24. Qb3 f6 25. f4 g5 26. fxg5 fxg5 27. Qe3 Qa4 28. Rf1 Qc2+ 29. Rf2 Qg6 30. Re2 e6 31. a4 h5 32. b5 axb5 33. axb5 Qf5 34. c6 bxc6 35. bxc6 h4 36. c7 h3+ 37. Kg1 Qb1+ 38. Bc1 Bxd4 39. Qxd4 Qxc1+ 40. Kf2 Rf8+ 0-1

[Event "IV Estrellas 2022"]
[Site "La Palma"]
[Date "2022.08.10"]
[Round "7.16"]
[White "Marin Dorta, Alejandro"]
[Black "Miranda Herrera, Miguel"]
[Result "1/2-1/2"]
[ECO "C41"]
[WhiteElo "1869"]
[BlackElo "1904"]
[Annotator "TA"]
[PlyCount "65"]
[EventDate "2022.08.06"]
[EventType "swiss"]
[EventCountry "ESP"]
[SourceTitle "playchess.com"]
[Source "ChessBase"]
[SourceQuality "1"]
[TimeControl "5400+30"]

1. e4 e5 2. Nf3 d6 3. Nc3 Nf6 4. Bc4 Be7 5. h3 h6 6. d3 {[%emt 0:01:52] C41: Philidor Defence.} c6 7. a4 Nbd7 8. O-O {[%emt 0:00:16] White is slightly better.} Nf8 9. Be3 g5 10. d4 Qc7 11. dxe5 dxe5 {[%emt 0:00:07] [#]} 12. Nxe5 $146 ({Predecessor:} 12. Nh2 Ng6 13. Ne2 Nxe4 14. Ng3 Nd6 15. Bb3 Bd7 16. Qf3 Nh4 17. Qe2 Qc8 18. Nf3 Nxf3+ 19. Qxf3 {1-0 (46) Hemam,M-Nagib Tanyous,E (1472) Chess.com INT 2020}) 12... Qxe5 13. Bd4 Qa5 {[%emt 0:01:02] aiming for ...Be6.} 14. e5 $1 Nd5 (14... Nh5 $16 {keeps fighting.}) 15. Nxd5 $18 {[%emt 0:36:56][%mdl 64] Deflection} cxd5 16. Bb5+ Kd8 17. Bc3 $2 (17. e6 $18 {is the precise move to win.} f6 18. c4 (18. Bc3 Qb6 $16) 18... Nxe6 19. Bc3) 17... Qb6 $16 18. Qxd5+ Kc7 19. Qxf7 {[%emt 0:02:00] The board is on fire. 0x0.00198b36c8e8dp-1022s more active pieces. The black rooks are badly placed.} (19. e6 $1 $16 f6 20. Be5+ fxe5 21. Qxe5+ Bd6 22. Qxh8 Bxe6 23. Qg7+ (23. Qxh6 Rc8 $16) 23... Kb8 24. Be2 (24. Qxh6 a6 $16)) 19... Rh7 20. Qc4+ {[%emt 0:00:00][%mdl 1024] White has compensation.} ({Don't play} 20. Qd5 Be6 21. Qe4 Rd8 $11) 20... Qc5 $2 (20... Kb8 $1 $14) 21. Qe4 $2 (21. Qd3 $1 $18) 21... a6 22. Bd4 Bf5 23. Qe3 ({Weaker is} 23. Bxc5 Bxe4 24. Bd6+ Bxd6 25. exd6+ Kxd6 26. Rad1+ Kc7 $17) ({Stronger than} 23. Qxf5 Qxd4 24. Bd3 Rd8 $11) 23... Qd5 (23... Qb4 $16 24. Bd3 Rf7) 24. Qc3+ $18 Kb8 {[%emt 0:00:00] [#]} 25. Bc4 (25. Bb6 $1 $18 Ne6 (25... Bd8 26. Bc4) 26. Rad1) 25... Qc6 $36 {[%emt 0:00:00][%mdl 2048] Black has some pressure.} 26. Rfd1 Be6 (26... Ne6 $17) 27. Bxe6 (27. Bd3 $11 {keeps the balance.}) 27... Qxc3 28. Bxc3 Nxe6 29. Rd7 {[%emt 0:00:00] Hoping for Bb4.} Nc5 30. Rd5 Kc7 31. Rad1 (31. b4 $17 Ne6 32. Rad1) 31... Bf8 (31... Nxa4 $19 32. R1d3 Kc6) 32. R1d4 Rd7 ({Better is} 32... Kc6 $17 {[%cal Oc5a4] ...Nxa4! is the strong threat.} 33. Bb4 Re8 34. Rd6+ Bxd6 35. Rxd6+ Kc7 36. Bxc5 Rxe5) 33. Rxd7+ {[%emt 0:00:00] Weighted Error Value: White=0.58/Black=0.59} 1/2-1/2

[Event "IV Estrellas 2022"]
[Site "La Palma"]
[Date "2022.08.10"]
[Round "7.17"]
[White "Marrero Rodriguez, Jorge"]
[Black "Pleschke, Julius Jonas"]
[Result "1/2-1/2"]
[ECO "B44"]
[WhiteElo "1941"]
[BlackElo "1685"]
[Annotator "NA"]
[PlyCount "41"]
[EventDate "2022.08.06"]
[EventType "swiss"]
[EventCountry "ESP"]
[SourceTitle "playchess.com"]
[Source "ChessBase"]
[SourceQuality "1"]
[TimeControl "5400+30"]

1. e4 c5 2. Nf3 e6 3. d4 cxd4 4. Nxd4 Nc6 5. Bf4 d6 6. Nxc6 bxc6 7. c4 e5 8. Be3 Nf6 9. Nc3 Be7 10. Be2 O-O 11. O-O Be6 12. Qa4 Qc7 13. b4 d5 14. Bg5 d4 15. Bxf6 Bxf6 16. Nd1 g6 17. Nb2 Bg5 18. Qc2 f5 19. Nd3 Be7 20. Bf3 f4 21. Rfc1 1/2-1/2

[Event "IV Estrellas 2022"]
[Site "La Palma"]
[Date "2022.08.10"]
[Round "7.18"]
[White "Anson Casaos, Alejandro"]
[Black "Arnaiz Yanes, Miguel Angel"]
[Result "1/2-1/2"]
[ECO "D40"]
[WhiteElo "1796"]
[BlackElo "1923"]
[Annotator "NA RC"]
[PlyCount "60"]
[EventDate "2022.08.06"]
[EventType "swiss"]
[EventCountry "ESP"]
[SourceTitle "playchess.com"]
[Source "ChessBase"]
[SourceQuality "1"]
[TimeControl "5400+30"]

1. c4 c5 2. Nf3 Nf6 3. Nc3 Nc6 4. e3 e6 5. d4 cxd4 6. exd4 d5 7. Bd3 Be7 8. O-O O-O 9. a3 dxc4 10. Bxc4 a6 11. Be3 b5 12. Ba2 Bb7 13. Rc1 Rc8 14. Qe2 b4 15. axb4 Nxb4 16. Bb1 Qa5 17. Ne5 Nbd5 18. Ne4 Nxe3 19. Qxe3 Bxe4 20. Bxe4 Nxe4 21. Qxe4 Rxc1 22. Rxc1 Qd2 23. Rb1 Bd6 24. g3 Rc8 25. Qb7 Rf8 26. Nf3 Qd3 27. Ra1 Qb5 28. Qxa6 Qd3 29. Qb7 Rb8 30. Qa6 Qb5 1/2-1/2